 Dungeon Crawl Stone Soup version 0.17-a0-1951-g62301d3 (webtiles) character file.

3649 FurryRage the Blocker (level 9, -5/80 HPs)
             Began as a Minotaur Fighter on Oct 1, 2015.
             Was an Initiate of Trog.
             Killed from afar by an electric eel (15 damage)
             ... with a bolt of electricity
             ... on level 8 of the Dungeon on Oct 2, 2015.
             The game lasted 00:37:39 (6101 turns).

FurryRage the Blocker (Minotaur Fighter)            Turns: 6101, Time: 00:37:40

Health: -5/80      AC: 16    Str: 20      XL:     9   Next: 88%
Magic:  8/8        EV:  6    Int:  5      God:    Trog [......]
Gold:   129        SH: 18    Dex: 12 (14) Spells: 0 memorised, 8 levels left

rFire  . . .     SeeInvis .     B - +3 hand axe (drain)
rCold  . . .     Clarity  .     p - +0 chain mail
rNeg   . . .     SustAt   .     b - +1 large shield {AC+3}
rPois  +         Gourm    .     (helmet restricted)
rElec  .         Spirit   .     (no cloak)
rCorr  .         Warding  .     (no gloves)
rMut   .         Stasis   .     y - +1 pair of boots {Fly}
MR     .....                    (no amulet)
Stlth  ..........               x - ring of poison resistance
                                (no ring)

@: flying, not resistant to hostile enchantments, extremely unstealthy
A: retaliatory headbutt, horns 2
a: Burn Spellbooks, Renounce Religion


You were on level 8 of the Dungeon.
You worshipped Trog.
Trog was noncommittal.
You were not hungry.

You visited 2 branches of the dungeon, and saw 9 of its levels.
You also visited: Sewer and Ossuary.

You collected 465 gold pieces.
You spent 336 gold pieces at shops.

Inventory:

Hand weapons
 a - a +0 war axe
 B - a +3 hand axe of draining (weapon)
Missiles
 v - 3 exploding tomahawks (quivered)
Armour
 b - a +1 large shield of protection (worn)
 c - a +0 helmet
 p - a +0 chain mail (worn)
 y - a +1 pair of boots of flying (worn)
Jewellery
 i - an uncursed amulet of regeneration
 x - a ring of poison resistance (right hand)
Magical devices
 I - a wand of slowing (36)
 L - a wand of magic darts (15)
Scrolls
 j - 15 scrolls of identify
 m - 5 scrolls of teleportation
 n - a scroll of blinking
 r - a scroll of immolation
 t - a scroll of magic mapping
 D - a scroll of enchant weapon
 G - 2 scrolls of remove curse
Potions
 d - 3 potions of might
 g - 2 potions of heal wounds
 k - 7 potions of curing
 o - 2 potions of cancellation
 q - 2 potions of flight
 s - 3 potions of lignification
 C - a potion of resistance {unknown}
 E - a potion of invisibility
 F - a potion of mutation {unknown}
 H - 2 potions of haste
Books
 w - a book of Callings

   Spells                             Type                      Level
   a - Summon Small Mammal            Summoning                    1
   b - Call Imp                       Summoning                    2
   c - Call Canine Familiar           Summoning                    3
   d - Summon Guardian Golem          Hexes/Summoning              3
   e - Summon Lightning Spire         Summoning/Air                4
   f - Summon Ice Beast               Ice/Summoning                4
   Trog disapproves of the use of such an item.
 z - the Collected Works on the Nocuous Snowflakes
   (You found it on level 7 of the Dungeon)

   Spells                             Type                      Level
   a - Ensorcelled Hibernation        Hexes/Ice                    2
   b - Mephitic Cloud                 Conjuration/Poison/Air       3
   c - Spider Form                    Transmutation/Poison         3
   d - Throw Icicle                   Conjuration/Ice              4
   e - Summon Ice Beast               Ice/Summoning                4
   f - Olgreb's Toxic Radiance        Poison                       4
   Trog disapproves of the use of such an item.
Comestibles
 e - 3 bread rations
 f - a beef jerky
 h - 6 meat rations
 J - 3 chunks of flesh
 K - 24 fruits


   Skills:
 + Level 7.7 Fighting
 + Level 8.9 Axes
 + Level 8.4 Armour
 + Level 4.6 Dodging
 - Level 0.5 Stealth
 + Level 9.8 Shields


You had 8 spell levels left.
You didn't know any spells.

Dungeon Overview and Level Annotations

Branches:
Dungeon (8/15)             Temple (1/1) D:5
   Lair: D:8-11

Altars:
Ashenzari
Cheibriados
Elyvilon
Fedhas
Gozag
Makhleb
Nemelex Xobeh
Okawaru
Qazlal
Ru
Trog
Vehumet
Xom
Yredelemnul
Zin
The Shining One
Lugonu

Shops:
D:5 [


Innate Abilities, Weirdness & Mutations

You reflexively headbutt those who attack you in melee.
You have a pair of horns on your head.


Message History

You start removing your armour.
You continue taking off your -2 cloak.
You continue taking off your -2 cloak. x3
You finish taking off your -2 cloak.
You drop a -2 cloak.
You remove your ring of teleportation.
You drop an uncursed ring of teleportation.
You reach down and open the door.
You reach down and open the door.
Found a potion of poison.
There is an open door here.
You see here a potion of poison.
There is an open door here.
Items here: ) = ? [ an uncursed ring of teleportation; a -2 cloak; a scroll of noise; a short sword
There is a large open door here.
The electric eel shoots out a bolt of lightning at you!
The bolt of electricity hits you!
* * * LOW HITPOINT WARNING * * *
The electric eel shoots out a bolt of lightning at you!
The bolt of electricity hits you!
You die...

#.## ...##..
..≈≈≈;;≈≈≈≈..≈#
##.##.#
.≈≈≈≈≈.≈≈≈≈≈.≈.#
.#.##.#
.≈..≈.≈≈.≈≈≈...#
##..#.#
.≈....≈.≈..≈≈..#
....#.##......≈......[
##..#.).............
.#..#.............#
##.##....(......@#
.................#
.###.÷...........# .#
#.............# .#
#.÷...........#
.###.............#
.................#
################.#
....####....####.#


You could see 2 electric eels.

Vanquished Creatures
  Pikel (D:6)
  Grinder (D:6)
  Sigmund (D:3)
  A hippogriff (D:8)
  Menkaure (D:5)
  A necrophage (D:6)
  A sky beast (D:6)
  2 centaurs (D:5)
  2 phantoms
  4 ogres
  Blork the orc (D:6)
  A giant frog (D:7)
  4 big kobolds
  2 scorpions (D:6)
  A centaur zombie (Ossuary)
  5 orc wizards
  3 orc priests
  3 jellies
  Crazy Yiuf (D:5)
  A centaur skeleton (D:6)
  5 iguanas
  A hound (D:8)
  8 worker ants
  A hound skeleton (D:7)
  5 mummies (Ossuary)
  10 gnolls (D:3)
  10 adders
  2 river rats
  7 oozes
  An adder zombie (D:5)
  6 worms
  2 giant geckos (D:3)
  20 orcs
  2 ball pythons
  4 giant cockroaches
  2 gnoll zombies (Ossuary)
  8 hobgoblins
  7 bats
  A giant gecko zombie (D:6)
  7 giant newts
  11 goblins
  4 goblin zombies
  A jackal skeleton (D:5)
  18 kobolds
  2 kobold zombies (Ossuary)
  5 quokkas
  2 quokka skeletons
  11 rats
  A rat zombie (D:8)
201 creatures vanquished.

Vanquished Creatures (others)
  A crimson imp (D:6)
1 creature vanquished.

Grand Total: 202 creatures vanquished

Notes
Turn   | Place    | Note
--------------------------------------------------------------
     0 | D:1      | FurryRage the Minotaur Fighter began the quest for the Orb.
     0 | D:1      | Reached XP level 1. HP: 19/19 MP: 0/0
   101 | D:1      | Reached skill level 4 in Fighting
   112 | D:1      | Reached XP level 2. HP: 22/27 MP: 1/1
   610 | D:2      | Upgraded the game from 0.17-a0-1946-gfb768fe to 0.17-a0-1951-g62301d3
   775 | D:2      | Reached XP level 3. HP: 33/33 MP: 2/2
  1113 | D:2      | Reached skill level 1 in Dodging
  1248 | D:3      | Reached XP level 4. HP: 36/41 MP: 3/3
  1325 | D:3      | Found a glowing golden altar of the Shining One.
  1397 | D:3      | Found a sparkling altar of Nemelex Xobeh.
  1397 | D:3      | Found a blossoming altar of Fedhas.
  1397 | D:3      | Found a basalt altar of Yredelemnul.
  1464 | D:3      | Found a shattered altar of Ashenzari.
  1659 | D:3      | Reached XP level 5. HP: 47/47 MP: 4/4
  1724 | D:3      | Found an iron altar of Okawaru.
  1823 | D:3      | Noticed Sigmund
  1839 | D:3      | Killed Sigmund
  1839 | D:3      | Reached skill level 5 in Fighting
  1839 | D:3      | Reached skill level 5 in Armour
  1839 | D:3      | Reached skill level 5 in Shields
  1839 | D:3      | Reached XP level 6. HP: 31/56 MP: 5/5
  1850 | D:3      | Found a glowing drain.
  1854 | Sewer    | Entered a sewer
  2083 | Sewer    | Reached XP level 7. HP: 59/61 MP: 6/6
  2162 | Sewer    | Reached skill level 5 in Axes
  2624 | D:4      | Reached skill level 6 in Shields
  3371 | D:5      | Entered Level 5 of the Dungeon
  3376 | D:5      | Reached XP level 8. HP: 64/70 MP: 7/7
  3500 | D:5      | Found a staircase to the Ecumenical Temple.
  3508 | D:5      | Noticed Menkaure
  3517 | D:5      | Killed Menkaure
  3527 | Temple   | Entered the Ecumenical Temple
  3706 | D:5      | Reached skill level 7 in Shields
  4018 | D:5      | Found Waoc's Armour Boutique.
  4026 | D:5      | Bought a +0 large shield of protection for 138 gold pieces
  4050 | D:5      | Found a shimmering altar of Xom.
  4180 | D:5      | Noticed Crazy Yiuf
  4189 | D:5      | Killed Crazy Yiuf
  4286 | D:6      | Noticed Blork the orc
  4295 | D:6      | Killed Blork the orc
  4372 | D:6      | Reached skill level 8 in Shields
  4392 | D:6      | Noticed Grinder
  4410 | D:6      | Killed Grinder
  4410 | D:6      | Reached XP level 9. HP: 67/78 MP: 8/8
  4516 | D:6      | Found a sacrificial altar of Ru.
  4550 | D:6      | Noticed Pikel
  4558 | D:6      | Killed Pikel
  4558 | D:6      | Reached skill level 9 in Shields
  4870 | D:5      | Bought a +1 pair of boots of flying for 198 gold pieces
  4909 | D:7      | Identified the Collected Works on the Nocuous Snowflakes
  4980 | D:7      | Found a bloodstained altar of Trog.
  4988 | D:7      | Became a worshipper of Trog the Wrathful
  5129 | D:7      | Found a radiant altar of Vehumet.
  5698 | D:8      | Found a sand-covered staircase.
  5725 | Ossuary  | Entered an ossuary
  6101 | D:8      | Killed from afar by an electric eel

Vault maps used:
D:1:      lemuel_arrival_hallway
D:3:      evilmike_ruin_ashenzari, okawaru_altar_gauntlet_db, minitemple,
          gup_sewer_entry_bowl, tso_altar, uniq_sigmund
D:4:      grunt_decor_fettered
D:5:      overflow_temple_1_default, minmay_temple_entry_statues_fountains,
          first_bread, serial_shops, shop, uniq_menkaure,
          uniq_crazy_yiuf_cottage
D:6:      nicolae_ru_the_path_less_chosen, uniq_pikel, uniq_grinder,
          uniq_blork_the_orc
D:7:      kennysheep_little_box, basic_altar
D:8:      nicolae_dithmenos_shadow_blocks, kennysheep_mini_moat,
          erik_lair_island, enter_ossuary_4, blue_anna_alchemist
Temple:   corrupted_temple
Sewer:    sewer_co_tree
Ossuary:  ossuary_crypta

Action                   |  1- 3 |  4- 6 |  7- 9 || total
-------------------------+-------+-------+-------++-------
Melee: War axe           |    99 |   142 |   129 ||   370
       Hand axe          |       |       |   274 ||   274
  Use: Potion            |       |       |    12 ||    12
       Scroll            |       |       |    13 ||    13
  Eat: Chunk             |       |     4 |    13 ||    17
       Fruit             |       |       |     2 ||     2
       Beef jerky        |       |       |     1 ||     1
